 Dungeon Sprint DCSS version 0.22.1-1-ga44c0e56f4 (webtiles) character file.

1847 MuseOD the Unseen (level 8, -3/44 HPs)
             Began as a Spriggan Enchanter on Sept 22, 2018.
             Was a Follower of Dithmenos.
             Slain by a redback (17 damage)
             ... in the Dungeon (Sprint II: "The Violet Keep of Menkaure").
             The game lasted 00:01:23 (198 turns).

MuseOD the Unseen (Spriggan Enchanter)               Turns: 198, Time: 00:01:24

Health: -3/44      AC:  2    Str:  4    XL:     8   Next: 88%
Magic:  23/23      EV: 18    Int: 18    God:    Dithmenos [*.....]
Gold:   667        SH:  0    Dex: 17    Spells: 19/28 levels left

rFire    . . .     SeeInvis +   a - +1 dagger
rCold    . . .     Gourm    .   (shield restricted)
rNeg     . . .     Faith    .   b - +0 robe
rPois    .         Spirit   .   (helmet restricted)
rElec    .         Reflect  .   (no cloak)
rCorr    .         Harm     .   (gloves unavailable)
MR       +....     NoTele   +   (boots unavailable)
Stlth    +++++++...             (no amulet)
HPRegen  0.14/turn              (no ring)
MPRegen  0.18/turn              (no ring)

@: wreathed by umbra, very quick
A: very small, unfitting armour, see invisible, herbivore, speed 3, slow
metabolism 2
a: Renounce Religion


You were in the Dungeon.
You worshipped Dithmenos.
Dithmenos was aware of your devotion.
You were not hungry.

You visited 1 branch You collected 667 gold pieces.

Inventory:

Hand Weapons
 a - a +1 dagger (weapon)
Armour
 b - a +0 robe (worn)
Scrolls
 c - a scroll of random uselessness {unknown}
 j - a scroll of blinking
Potions
 h - a potion of magic
Comestibles
 d - a ration


   Skills:
 - Level 5.5 Fighting
 - Level 10.4 Short Blades
 - Level 3.0 Dodging
 + Level 16.2 Stealth
 + Level 10.5 Spellcasting
 + Level 10.8 Hexes


You had 19 spell levels left.
You knew the following spells:

 Your Spells              Type           Power        Failure   Level  Hunger
a - Corona                Hex            #####..      1%          1    None
b - Ensorcelled Hibernat  Hex/Ice        ####..       1%          2    None
c - Confuse               Hex            #####...     1%          3    None
d - Dazzling Spray        Conj/Hex       ####..       2%          3    None

Your spell library contained the following spells:

 Spells                   Type           Power        Failure   Level  Hunger
 Tukima's Dance           Hex            #####...     1%          3    None


Dungeon Overview and Level Annotations

Branches:
Dungeon (1/1)

Altars:
Cheibriados
Dithmenos
Elyvilon
Fedhas
Gozag
Hepliaklqana
Kikubaaqudgha
Makhleb
Nemelex Xobeh
Okawaru
Qazlal
Ru
Sif Muna
Trog
Uskayaw
Vehumet
Wu Jian
Xom
Yredelemnul
Zin
The Shining One
Beogh
Jiyva
Lugonu


Innate Abilities, Weirdness & Mutations

You are very small and have problems with some larger weapons.
You are too small for most types of armour.
You have supernaturally acute eyesight. (SInv)
You are a herbivore.
You cover ground extremely quickly.
You need to consume almost no food.


Message History

The helpless redback fails to defend itself.
You perforate the redback like a sieve!!!!
You kill the redback!
Dithmenos accepts your kill.
You are shrouded in an aura of darkness!
The redback closely misses you. The redback closely misses you.
There is an open door here.
You see here a redback corpse.
There's a creature in the doorway!
You feel sick.
You see here 81 gold pieces.
The redback bites you!
* * * LOW HITPOINT WARNING * * *
You are lethally poisoned!
The redback poisons you!
You feel better. The redback closely misses you.
Magic courses through your body. The redback completely misses you.
The redback bites you!
You die...

##++## ##§...### e≈.....#
####....# .. #@s†.^..# ##
##..#.$####.# ##.
.##.####..'.### #..#..#
...#.(#...#
#...####..#####..# %$
##†###.##..#..'..# ($!
##.##...#..#..#..# ▓(?$
+.<.†##.'..####..### ▓%![
##.##.###....###...##▓▓▓▓


You could see a redback.

Vanquished Creatures
  A fire dragon (D)
  A death yak (D)
  A redback (D)
  4 necrophages (D)
  3 worms (D)
10 creatures vanquished.

Vanquished Creatures (others)
  A crocodile (D)
1 creature vanquished.

Grand Total: 11 creatures vanquished

Notes
Turn   | Place    | Note
-------+----------+-------------------------------------------
     0 | D        | MuseOD the Spriggan Enchanter began the quest for the Orb.
     0 | D        | Reached XP level 1. HP: 9/9 MP: 5/5
     4 | D        | Noticed a necrophage
     4 | D        | Noticed a necrophage
     4 | D        | Noticed a necrophage
     4 | D        | Noticed a necrophage
    13 | D        | Killed a necrophage
    13 | D        | Reached skill level 8 in Stealth
    13 | D        | Reached XP level 2. HP: 16/16 MP: 6/6
    13 | D        | Reached XP level 3. HP: 20/20 MP: 8/8
    13 | D        | Reached XP level 4. HP: 24/24 MP: 9/9
    18 | D        | Killed a necrophage
    18 | D        | Reached skill level 9 in Stealth
    18 | D        | Reached XP level 5. HP: 23/30 MP: 10/10
    34 | D        | Killed a necrophage
    34 | D        | Reached skill level 5 in Fighting
    34 | D        | Reached skill level 10 in Stealth
    34 | D        | Reached XP level 6. HP: 29/34 MP: 11/11
    75 | D        | Reached skill level 10 in Short Blades
    75 | D        | Reached skill level 11 in Stealth
    82 | D        | Learned a level 2 spell: Ensorcelled Hibernation
    86 | D        | Learned a level 3 spell: Confuse
    90 | D        | Learned a level 3 spell: Dazzling Spray
   138 | D        | Found a snail-covered altar of Cheibriados.
   139 | D        | Found a shadowy altar of Dithmenos.
   140 | D        | Found a white marble altar of Elyvilon.
   140 | D        | Found an ancient bone altar of Kikubaaqudgha.
   140 | D        | Found a roughly hewn altar of Beogh.
   140 | D        | Found a viscous altar of Jiyva.
   141 | D        | Found a blossoming altar of Fedhas.
   141 | D        | Found a corrupted altar of Lugonu.
   141 | D        | Found a deep blue altar of Sif Muna.
   142 | D        | Found an opulent altar of Gozag.
   142 | D        | Found a burning altar of Makhleb.
   142 | D        | Found a bloodstained altar of Trog.
   143 | D        | Found a sparkling altar of Nemelex Xobeh.
   143 | D        | Found a hide-covered altar of Uskayaw.
   144 | D        | Found a basalt altar of Yredelemnul.
   145 | D        | Found an iron altar of Okawaru.
   145 | D        | Found a radiant altar of Vehumet.
   145 | D        | Found a glowing silver altar of Zin.
   145 | D        | Found a hazy altar of Hepliaklqana.
   145 | D        | Found a sacrificial altar of Ru.
   145 | D        | Found a shimmering altar of Xom.
   146 | D        | Found a stormy altar of Qazlal.
   146 | D        | Found an ornate altar of the Wu Jian Council.
   146 | D        | Found a glowing golden altar of the Shining One.
   150 | D        | Became a worshipper of Dithmenos the Shadowed
   159 | D        | Noticed a death yak
   161 | D        | Killed a death yak
   161 | D        | Reached skill level 14 in Stealth
   161 | D        | Reached XP level 7. HP: 36/36 MP: 5/19
   173 | D        | Noticed a fire dragon
   175 | D        | Killed a fire dragon
   175 | D        | Reached skill level 16 in Stealth
   175 | D        | Reached skill level 10 in Spellcasting
   175 | D        | Reached skill level 10 in Hexes
   175 | D        | Reached XP level 8. HP: 41/41 MP: 6/23
   182 | D        | Noticed a deep elf master archer
   192 | D        | Reached * piety under Dithmenos
   198 | D        | Slain by a redback

Skill      XL: |  1  2  3  4  5  6  7 |
---------------+----------------------+-----
Fighting       | 3 4 5 |  5.5
Short Blades   | 6 8 9 10 | 10.4
Stealth        | 8 9 10 14 16 | 16.2
Spellcasting   | 8 10 | 10.5
Hexes          | 8 10 | 10.8
Dodging        | |  3.0

Action                   |  1- 3 |  4- 6 |  7- 9 || total
-------------------------+-------+-------+-------++-------
Melee: Dagger            |     8 |    66 |     3 ||    77
 Cast: Ensorcelled Hiber |       |     5 |     1 ||     6
       Confuse           |       |       |     2 ||     2
  Use: Potion            |     1 |     2 |     2 ||     5
 Stab: Sleeping          |       |     4 |     2 ||     6
Armor: Robe              |       |     1 |       ||     1
Dodge: Dodged            |     4 |    20 |     8 ||    32
